 Dungeon Crawl Stone Soup version 0.27.1-1-g398f81649c (webtiles) character file.

Game seed: 2229269023968004641

66159 speeev33 the Severer (level 15, -9/141 HPs)
             Began as a Hill Orc Fighter on Sept 15, 2021.
             Was a High Priest of Okawaru.
             Mangled by a boulder beetle (43 damage)
             ... on level 5 of the Lair of Beasts on Sept 16, 2021.
             The game lasted 00:45:56 (27877 turns).

speeev33 the Severer (Hill Orc Fighter)            Turns: 27877, Time: 00:45:56

Health: -9/141     AC: 33    Str: 26    XL:     15   Next: 18%
Magic:  20/20      EV: 10    Int:  8    God:    Okawaru [*****.]
Gold:   2462       SH: 21    Dex: 10    Spells: 14/14 levels left

rFire    . . .     SeeInvis .   a - +1 broad axe
rCold    . . .     Faith    .   y - +0 kite shield {AC+3}
rNeg     . . .     Spirit   .   B - +0 plate armour
rPois    +         Reflect  +   E - +2 helmet
rElec    .         Harm     .   z - +0 cloak
rCorr    .         Rampage  +   I - +2 pair of gloves
Will     ++...                  D - +0 pair of boots {rampage}
Stlth    ..........             n - amulet of reflection
HPRegen  0.33/turn              A - ring of willpower
MPRegen  0.17/turn              K - ring of poison resistance

@: heroic, studying Throwing
A: no striking features
a: Renounce Religion, Heroism, Finesse


You were on level 5 of the Lair of Beasts.
You worshipped Okawaru.
Okawaru was extremely pleased with you.
You visited 4 branches of the dungeon, and saw 18 of its levels.
You also visited: Sewer, Bailey and Ice Cave.

You collected 3180 gold pieces.
You spent 718 gold pieces at shops.

Inventory:

Hand Weapons
 a - a +1 broad axe (weapon)
 b - a +0 flail
Missiles
 d - a throwing net (quivered)
Armour
 y - a +0 kite shield of protection (worn)
 z - a +0 cloak (worn)
 B - a +0 plate armour (worn)
 D - a +0 pair of boots of rampaging (worn)
 E - a +2 helmet (worn)
 I - a +2 pair of gloves (worn)
Jewellery
 g - a ring of protection from cold
 j - a ring of flight
 n - an amulet of reflection (around neck)
 A - a ring of willpower (left hand)
 H - a ring of see invisible
 K - a ring of poison resistance (right hand)
Wands
 l - a wand of mindburst (20)
 w - a wand of charming (11)
 C - a wand of iceblast (15)
 L - a wand of flame (50)
 P - a wand of acid (7)
 Q - a wand of paralysis (3)
 R - a wand of digging (8)
Scrolls
 c - 3 scrolls of teleportation
 r - a scroll of amnesia
 s - 6 scrolls of fear
 t - 2 scrolls of enchant armour
 x - a scroll of identify
 M - a scroll of acquirement
 N - 2 scrolls of fog
 O - a scroll of magic mapping
Potions
 e - 7 potions of curing
 f - 4 potions of heal wounds
 h - 5 potions of brilliance
 i - 5 potions of flight
 k - 4 potions of cancellation
 m - 5 potions of haste
 o - 4 potions of resistance
 p - 4 potions of invisibility
 q - 5 potions of might
 u - 4 potions of mutation
 v - a potion of magic
 F - 2 potions of lignification
 G - a potion of berserk rage
 J - 3 potions of attraction


   Skills:
 + Level 15.2(20.2) Fighting
 - Level 16.0(21.0) Axes
 + Level 14.1(19.1) Armour
 + Level 14.1(19.1) Shields
 - Level 7.0 Invocations


You had 14 spell levels left.
You didn't know any spells.
Your spell library contained the following spells:

 Spells                   Type           Power      Damage    Failure   Level
 Animate Skeleton         Necr           0%         N/A       92%         1
 Apportation              Tloc           0%         N/A       92%         1
 Corona                   Hex            0%         N/A       92%         1
 Pain                     Necr           0%         1d4       92%         1
 Summon Small Mammal      Summ           0%         N/A       92%         1
 Ensorcelled Hibernation  Hex/Ice        0%         N/A       98%         2
 Summon Guardian Golem    Hex/Summ       0%         N/A       100%        3
 Tukima's Dance           Hex            0%         N/A       100%        3
 Hailstorm                Conj/Ice       0%         3d3       100%        4
 Passage of Golubria      Tloc           N/A        N/A       100%        4
 Agony                    Necr           0%         N/A       100%        5
 Excruciating Wounds      Necr           0%         N/A       100%        5
 Iskenderun's Battlesphe  Conj           0%         2d6       100%        5
 Metabolic Englaciation   Hex/Ice        0%         N/A       100%        5
 Silence                  Hex/Air        0%         N/A       100%        5
 Iron Shot                Conj/Erth      0%         9d1       100%        6
 Simulacrum               Ice/Necr       0%         N/A       100%        6
 Orb of Destruction       Conj           0%         N/A       100%        7
 Spellforged Servitor     Conj/Summ      0%         N/A       100%        7
 Lehudib's Crystal Spear  Conj/Erth      0%         10d2      100%        8


Dungeon Overview and Level Annotations

Branches:
Dungeon (10/15)            Temple (1/1) D:6            Lair (5/6) D:10
  Swamp (0/4) Lair:4        Snake (0/4) Lair:2        Slime (0/5) Lair:5
    Orc (2/2) D:10            Elf (0/3) Orc:2         Sewer (visited)
 Bailey (visited)           IceCv (visited)

Altars:
Ashenzari
Cheibriados
Dithmenos
Elyvilon
Fedhas
Gozag
Hepliaklqana
Kikubaaqudgha
Makhleb
Nemelex Xobeh
Okawaru
Qazlal
Ru
Sif Muna
Trog
Uskayaw
Vehumet
Wu Jian
Xom
Yredelemnul
Zin
The Shining One

Shops:
D:1 !   D:6 =   D:9 :   Orc:1 *:(=   Orc:2 [?:[

Annotations:
D:6 1 runed translucent door, pkoi's ghost, novice TrEE


Message History

You are no longer corroded.
You block the blink frog's attack. You block the boulder beetle's attack.
The blink frog hits you.
The blink frog blinks!
You block the blink frog's attack.
You slice the boulder beetle!!
The boulder beetle is heavily wounded.
You miss the blink frog. The boulder beetle bites you. The blink frog hits you.
* * * LOW HITPOINT WARNING * * *
The sentinel's mark upon you fades away.
You block the blink frog's attack. You block the boulder beetle's attack.
The blink frog hits you.
* * * LOW HITPOINT WARNING * * *
The blink frog blinks!
The blink frog hits you but does no damage.
You block the blink frog's attack.
Okay, then.
You gain the combat prowess of a mighty hero.
The blink frog hits you but does no damage.
A polar bear comes into view.
You hear the rumble of a very distant avalanche of rocks.
The polar bear growls angrily.
A polar bear comes into view.
The boulder beetle bites you but does no damage.
A polar bear comes into view.
The blink frog blinks!
The blink frog barely misses you.
The polar bear growls angrily.
The blink frog hits you but does no damage.
The boulder beetle curls into a ball and begins rolling!
You block the blink frog's attack.
The blink frog hits you but does no damage.
The blink frog blinks!
The boulder beetle hits you!
* * * LOW HITPOINT WARNING * * *
The boulder beetle stops rolling and uncurls.
The blink frog blinks!
The blink frog blinks!
The blink frog blinks!
The boulder beetle curls into a ball and begins rolling!
The blink frog blinks!
The boulder beetle hits you!!!
You die...

.............# #......##
###...P......####.....##
.##....P.....##.#......#
.#.....................#
.#.....................#
#............P.....##..#########
#........P..P.....†..##...##.#.#
..........P##..................#
................@F...........P.#
...........##...B.............##
.............#...○..........###
..................°h...#....#
......P#.P.........h........##
.#....####....P..............##
.##.### ##...##......h...#...#
.# ..# .... #....#..F......## ##
.P# ... ......#........#.#


You could see a boulder beetle (rolling), 3 polar bears and 2 blink frogs.

Vanquished Creatures
  A frost giant (IceCv)
  An orc warlord (Orc:2)
  Snorg (Orc:2)
  Josephine (Lair:4)
  7 hydras
  2 boulder beetles
  2 two-headed ogres (D:10)
  6 death yaks (IceCv)
  An orc high priest (Orc:1)
  Sonja (D:10)
  Urug (Lair:4)
  4 bog bodies (Lair:4)
  An ugly thing (IceCv)
  An orc knight (D:10)
  2 oklob plants
  4 orc sorcerers
  6 black mambas
  5 elephants
  An ice statue (IceCv)
  Maurice (Orc:2)
  13 cane toads
  2 kobold demonologists
  An unseen horror (D:10)
  8 rime drakes
  15 komodo dragons
  4 polar bears (IceCv)
  4 trolls
  A hornet (D:9)
  10 blink frogs (Lair:4)
  Sigmund (D:3)
  3 wyverns
  A basilisk (Lair:3)
  4 wraiths (Lair:4)
  17 yaks
  Eustachio (D:4)
  7 vampire mosquitoes
  2 acid dragons
  A swamp worm (Lair:4)
  2 wargs
  15 water moccasins
  3 black bears
  21 orc warriors
  2 ice beasts
  A hornet zombie (D:6)
  2 ogres (Orc:2)
  16 wolves
  2 centaurs
  2 phantoms
  8 kobold brigands
  19 bullfrogs
  A gnoll sergeant (D:10)
  A scorpion (D:5)
  A wyvern zombie (D:7)
  A water moccasin zombie (D:4)
  19 killer bees
  9 wights
  3 vampire bats (D:8)
  An electric eel (Lair:4)
  A howler monkey (D:3)
  2 bullfrog zombies (D:6)
  A lava snake (Orc:1)
  5 centaur zombies
  3 hounds
  12 jellies
  16 orc priests
  A bullfrog skeleton (D:7)
  Terence (D:3)
  2 iguanas
  33 orc wizards
  A killer bee zombie (D:4)
  A howler monkey zombie (D:9)
  Robin (D:4)
  17 gnolls
  10 adders
  A howler monkey skeleton (D:6)
  8 river rats (Sewer)
  A shadow imp (D:6)
  An adder skeleton (D:5)
  An adder zombie (D:4)
  3 worms
  43 orcs
  3 bats
  2 bat skeletons (D:8)
  3 bat zombies (D:8)
  12 endoplasms
  4 giant cockroaches
  19 goblins
  15 hobgoblins
  7 jackals (D:1)
  24 kobolds
  2 quokkas
  21 ball pythons
  8 frilled lizards
  26 rats
584 creatures vanquished.

Vanquished Creatures (others)
  An orc warrior (Orc:2)
  An orc wizard (Orc:2)
  A bush (Lair:3)
  10 fungi
  31 plants
  2 withered plants (D:6)
46 creatures vanquished.

Grand Total: 630 creatures vanquished

Notes
Turn   | Place    | Note
-------+----------+-------------------------------------------
     0 | D:1      | speeev33 the Hill Orc Fighter began the quest for the Orb.
     0 | D:1      | Reached XP level 1. HP: 19/19 MP: 1/1
   186 | D:1      | Reached XP level 2. HP: 23/27 MP: 2/2
   187 | D:1      | Reached skill level 3 in Axes
   424 | D:1      | Reached XP level 3. HP: 30/33 MP: 3/3
   457 | D:1      | Found Lacitya's Distillery.
  1077 | D:2      | Reached XP level 4. HP: 36/40 MP: 4/4
  1974 | D:3      | Reached skill level 4 in Axes
  1974 | D:3      | Reached XP level 5. HP: 31/47 MP: 5/5
  1981 | D:3      | HP: 2/47 [orc (4)]
  2580 | D:3      | Found a faded altar of an unknown god.
  2896 | D:3      | Reached skill level 5 in Fighting
  2896 | D:3      | Reached XP level 6. HP: 56/56 MP: 6/6
  2942 | D:3      | Noticed Terence
  2947 | D:3      | Killed Terence
  2962 | D:3      | Noticed Sigmund
  3167 | D:3      | Killed Sigmund
  3168 | D:3      | Reached skill level 5 in Axes
  3168 | D:3      | Reached skill level 5 in Armour
  3168 | D:3      | Reached skill level 5 in Shields
  3168 | D:3      | Reached XP level 7. HP: 41/61 MP: 7/7
  3680 | D:4      | Identified a scroll of acquirement
  3680 | D:4      | Acquired 1060 gold pieces
  3836 | D:4      | Noticed Eustachio
  3848 | D:4      | Killed Eustachio
  4151 | D:4      | Found a glowing drain.
  4168 | D:4      | Reached skill level 6 in Axes
  4169 | Sewer    | Entered a sewer
  4933 | Sewer    | Reached XP level 8. HP: 59/71 MP: 8/8
  5495 | D:4      | Noticed Robin
  5505 | D:4      | Killed Robin
  5698 | D:4      | Found a basalt altar of Yredelemnul.
  5883 | D:5      | Entered Level 5 of the Dungeon
  5961 | D:4      | Reached skill level 7 in Axes
  6878 | D:5      | Found a shimmering blue altar of Sif Muna.
  6941 | D:6      | Reached XP level 9. HP: 79/79 MP: 9/9
  6967 | D:6      | Found a runed translucent door.
  6967 | D:6      | Noticed pkoi's ghost (novice TrEE)
  7044 | D:6      | Reached skill level 8 in Axes
  7044 | D:6      | Found a shadowy altar of Dithmenos.
  7131 | D:6      | Found a staircase to the Ecumenical Temple.
  7159 | Temple   | Entered the Ecumenical Temple
  7211 | Temple   | Became a worshipper of Warmaster Okawaru
  7290 | D:6      | Found Gourut's Jewellery Boutique.
  7558 | D:6      | Reached skill level 1 in Invocations
  8273 | D:7      | Reached * piety under Okawaru
  8676 | D:8      | Reached skill level 9 in Axes
  8845 | D:8      | Reached XP level 10. HP: 45/89 MP: 11/13
  9183 | D:8      | Reached ** piety under Okawaru
  9417 | D:8      | Found an ancient bone altar of Kikubaaqudgha.
  9909 | D:9      | Found a hide-covered altar of Uskayaw.
  9925 | D:9      | Noticed a kobold demonologist
 10023 | D:8      | Reached skill level 5 in Invocations
 10090 | D:8      | Noticed a rust devil
 10098 | D:8      | Noticed a smoke demon
 10100 | D:8      | Killed a kobold demonologist
 10227 | D:9      | Reached *** piety under Okawaru
 10228 | D:9      | Reached skill level 10 in Axes
 11141 | D:9      | Found Bisum's Book Shoppe.
 11215 | D:9      | Found an opulent altar of Gozag.
 11268 | D:9      | Found a hazy altar of Hepliaklqana.
 11343 | D:9      | Noticed a boulder beetle
 11361 | D:9      | Killed a boulder beetle
 11645 | D:10     | Entered Level 10 of the Dungeon
 11645 | D:10     | Found a staircase to the Orcish Mines.
 11653 | Orc:1    | Entered Level 1 of the Orcish Mines
 11660 | D:10     | Found a sacrificial altar of Ru.
 11676 | D:10     | Reached skill level 10 in Fighting
 11676 | D:10     | Reached XP level 11. HP: 99/99 MP: 15/15
 11719 | Orc:1    | Found a flagged portal.
 11733 | Bailey   | Entered a bailey
 12467 | Orc:1    | Noticed an orc knight
 12616 | D:10     | Killed an orc knight
 13102 | Orc:2    | Entered Level 2 of the Orcish Mines
 13170 | Orc:2    | Noticed Snorg
 13209 | Orc:2    | Killed Snorg
 13210 | Orc:2    | Reached skill level 11 in Axes
 13560 | Orc:2    | Reached **** piety under Okawaru
 13959 | Orc:2    | Noticed an orc high priest
 13975 | Orc:2    | Noticed an orc sorcerer
 14375 | Orc:1    | Killed an orc sorcerer
 14612 | Orc:2    | Noticed a soul eater
 14618 | Orc:2    | Noticed an orc sorcerer
 14625 | Orc:1    | Noticed a sun demon
 14634 | Orc:1    | Noticed a sun demon
 14649 | Orc:1    | Killed an orc high priest
 14650 | Orc:1    | Reached skill level 10 in Shields
 14977 | Orc:1    | Reached skill level 15 in Axes
 14977 | Orc:1    | Reached XP level 12. HP: 108/108 MP: 17/17
 15006 | Orc:2    | Noticed a soul eater
 15007 | Orc:2    | Reached skill level 10 in Armour
 15252 | Orc:2    | Noticed Maurice
 15281 | Orc:2    | Killed Maurice
 15281 | Orc:2    | Reached ***** piety under Okawaru
 15491 | Orc:2    | Found a staircase to the Elven Halls.
 15963 | Orc:1    | Noticed an orc warlord
 16060 | Orc:2    | Killed an orc warlord
 16954 | Orc:2    | Reached XP level 13. HP: 107/116 MP: 18/18
 17102 | Orc:1    | Found Guthes's Jewellery Shoppe.
 17528 | Orc:1    | Found Geckiaxi's Antique Weapon Emporium.
 17544 | Orc:1    | Found Vugarr's Assorted Antiques.
 17552 | Orc:1    | Bought a scroll labelled FOSHRO JEQEFU for 34 gold pieces
 17554 | Orc:1    | Found Plog's Book Shop.
 17951 | Orc:2    | Found Inyuhih's Magic Scroll Shop.
 17951 | Orc:2    | Found Byghawn's Antique Armour Boutique.
 17952 | Orc:2    | Found Ugeqoush's Book Boutique.
 17956 | Orc:2    | Found Ufirgh's Antique Armour Shop.
 18140 | Orc:2    | Bought a pair of glowing boots for 202 gold pieces
 18145 | Orc:2    | Bought a shiny helmet for 202 gold pieces
 18297 | D:10     | Found a snail-covered altar of Cheibriados.
 18363 | D:10     | Found a white marble altar of Elyvilon.
 18363 | D:10     | Found a glowing silver altar of Zin.
 18363 | D:10     | Found a glowing golden altar of the Shining One.
 18462 | D:10     | Found a staircase to the Lair.
 19010 | D:10     | Received a gift from Okawaru
 19090 | D:10     | Reached skill level 16 in Axes
 19335 | D:10     | Noticed Sonja
 19359 | D:10     | Killed Sonja
 20278 | D:6      | Bought a ring of poison resistance for 280 gold pieces
 20440 | Lair:1   | Entered Level 1 of the Lair of Beasts
 21714 | Lair:2   | Found a staircase to the Snake Pit.
 22122 | Lair:2   | Found a frozen archway.
 22132 | IceCv    | Entered an ice cave
 22200 | IceCv    | Reached XP level 14. HP: 93/129 MP: 19/19
 22367 | IceCv    | Received a gift from Okawaru
 22921 | IceCv    | Noticed a frost giant
 22949 | IceCv    | Killed a frost giant
 23436 | IceCv    | Got the Guide on Ice
 25274 | Lair:3   | Received a gift from Okawaru
 26545 | Lair:4   | Found a staircase to the Swamp.
 26683 | Lair:4   | Noticed Josephine
 26705 | Lair:4   | Killed Josephine
 26875 | Lair:4   | Reached XP level 15. HP: 137/139 MP: 20/20
 26928 | Lair:4   | Reached skill level 15 in Fighting
 26998 | Lair:4   | Received a gift from Okawaru
 27537 | Lair:4   | Noticed Urug
 27560 | Lair:4   | Killed Urug
 27828 | Lair:5   | Found a staircase to the Slime Pits.
 27877 | Lair:5   | Mangled by a boulder beetle

Illustrated notes

Levels and vault maps discovered:
D:1:      lemuel_arrival_tunnels, layout_rooms, serial_shops,
          nicolae_diamond_shop
D:2:      layout_basic
D:3:      layout_basic, shapermc_ecumenical_altar_totnotflames,
          minmay_fractal_squares_diagonal_5, uniq_terence, uniq_sigmund
D:4:      layout_gridville, lemuel_zombie_altar_yredelemnul,
          portal_sewer_entry_d, uniq_robin, uniq_eustachio
D:5:      layout_cave_pools, led_sif_pool
D:6:      layout_rooms, grunt_dithmenos_smoke_and_mirrors,
          minmay_temple_entry_enclosed_plants, gammafunk_ghost_grave,
          serial_shops, nicolae_inconvenience_store
D:7:      layout_basic
D:8:      layout_loops_cross, kennysheep_vampire_church
D:9:      layout_rooms, nicolae_uskayaw_murder_on_the_dancefloor,
          mainiacjoe_overflow_alcove_1, nicolae_hepliaklqana_hippocampus,
          serial_corexii_hall, chequers_hall_statues_wall_a,
          corexii_hall_statues_x, serial_shops, nicolae_take_the_stairs,
          kennysheep_just_a_vault
D:10:     minmay_polygon_palace, layout_loops_corners, good_gods_mini_temple,
          nicolae_ru_awakened_eye, mainiacjoe_overflow_small_starburst,
          david_lair_generic, minmay_holes, hangedman_decor_lopped, uniq_sonja
Temple:   eino_temple_lava
Lair:1:   layout_roguey, serial_bayou_shore_b, infiniplex_staircase_pool,
          grunt_megastairs_4, lemuel_fruit_tree, uniq_gastronok
Lair:2:   layout_regular_city, minmay_snake_entry_six_corridors,
          portal_ice_cave_entry_pillars_1, chequers_serial_rivers_large_b
Lair:3:   layout_concentric_octagons, beast_lair_carwin_1,
          minmay_lair_oklob_chamber, grunt_megastairs_2, serial_bayou_shore_b
Lair:4:   layout_hall_layers, nicolae_swamp_entry_splash_gauntlet,
          uniq_josephine, uniq_urug
Lair:5:   layout_gridlike, minmay_slime_entry_jelly_boxes,
          nicolae_volcano_entry_vermiform, cheibrodos_lair_lostbears
Orc:1:    layout_diamond_mine, enter_bailey_2, serial_shops,
          nicolae_shop_crystal, nicolae_shop_behind_doors,
          nicolae_shop_statue_plus, shop, nicolae_orc_lava_tube
Orc:2:    st_orc_mages, layout_caves, uniq_snorg, uniq_maurice

Skill      XL: |  1  2  3  4  5  6  7  8  9 10 11 12 13 14 15 |
---------------+----------------------------------------------+-----
Axes           | 3 4 5 6 7 9 10 15 16 | 16.0
Fighting       | 4 5 6 7 8 10 11 13 14 15 | 15.2
Shields        | 4 5 6 8 9 10 12 13 14 | 14.1
Armour         | 4 5 6 8 9 10 12 13 14 | 14.1
Invocations    | 4 6 7 |  7.0

Action                   |  1- 3 |  4- 6 |  7- 9 | 10-12 | 13-15 || total
-------------------------+-------+-------+-------+-------+-------++-------
Melee: War axe           |    97 |   134 |   429 |   525 |       ||  1185
       Broad axe         |       |       |       |   127 |  1022 ||  1149
       Flail             |       |       |       |       |    56 ||    56
Throw: Throwing net      |       |       |       |       |     1 ||     1
Invok: Heroism           |       |       |       |    11 |    13 ||    24
       Finesse           |       |       |       |     1 |     3 ||     4
Evoke: Wand              |       |       |       |     4 |     7 ||    11
  Use: Scroll            |     1 |     2 |     9 |    10 |     9 ||    31
       Potion            |     1 |       |     1 |     8 |     1 ||    11
Armor: Scale mail        |    58 |    59 |   153 |       |       ||   270
       Plate armour      |       |       |    79 |   279 |   476 ||   834
Dodge: Dodged            |    44 |    49 |   108 |   131 |   183 ||   515
Block: Kite shield       |    60 |    73 |   428 |   638 |   956 ||  2155
       Reflection        |       |       |     4 |    23 |    17 ||    44
